 Dungeon Sprint DCSS version 0.22.1-1-ga44c0e56f4 (webtiles) character file.

424 Freyura the Basher (level 6, -5/44 HPs)
             Began as a Gargoyle Monk on Oct 6, 2018.
             Was a Believer of Qazlal.
             Slain by a slime creature (10 damage)
             ... in the Dungeon (Sprint I: "Red Sonja").
             The game lasted 00:03:54 (534 turns).

Freyura the Basher (Gargoyle Monk)                   Turns: 534, Time: 00:03:55

Health: -5/44      AC: 14    Str: 15    XL:     6   Next: 96%
Magic:  6/6        EV:  8    Int: 10    God:    Qazlal [**....]
Gold:   266        SH:  6    Dex: 14    Spells: 5/5 levels left

rFire    . . .     SeeInvis .   a - +0 mace
rCold    . . .     Gourm    .   f - +0 buckler
rNeg     + . .     Faith    .   e - +0 chain mail
rPois    ∞         Spirit   .   (no helmet)
rElec    +         Reflect  .   (no cloak)
rCorr    .         Harm     .   (no gloves)
MR       .....     NoTele   +   (no boots)
Stlth    ..........             (no amulet)
HPRegen  0.14/turn              (no ring)
MPRegen  0.10/turn              (no ring)

@: no status effects
A: negative energy resistance 1, electricity resistance, unbreathing,
petrification resistance, rot immunity, AC +4
a: Upheaval, Renounce Religion


You were in the Dungeon.
You worshipped Qazlal.
Qazlal was pleased with you.
You were not hungry.

You visited 1 branch You collected 324 gold pieces.
You spent 58 gold pieces at shops.

Inventory:

Hand Weapons
 a - a +0 mace (weapon)
Armour
 b - a +0 robe
 e - a +0 chain mail (worn)
 f - a +0 buckler (worn)
Scrolls
 i - a scroll of blinking
Potions
 d - a potion of curing
 g - 2 potions of magic
Comestibles
 c - a ration


   Skills:
 + Level 7.9 Fighting
 + Level 9.8 Maces & Flails
 + Level 6.2 Armour
 + Level 6.0 Dodging
 - Level 2.1 Stealth
 + Level 0.0 Shields
 + Level 0.0 Invocations


You had 5 spell levels left.
You didn't know any spells.
Your spell library was empty.

Dungeon Overview and Level Annotations

Branches:
Dungeon (1/1)

Altars:
Cheibriados
Dithmenos
Elyvilon
Fedhas
Gozag
Hepliaklqana
Kikubaaqudgha
Makhleb
Nemelex Xobeh
Okawaru
Qazlal
Ru
Sif Muna
Trog
Uskayaw
Vehumet
Wu Jian
Xom
Yredelemnul
Zin
The Shining One
Jiyva
Lugonu

Shops:
D [


Innate Abilities, Weirdness & Mutations

You are resistant to torment.
Your stone body is resilient. (AC +4)
You are immune to poison.
You resist negative energy. (rN+)
You are resistant to electric shocks. (rElec)
You can survive without breathing.
You are immune to petrification.
You are immune to rotting.


Message History

You hit the slime creature.
The slime creature is severely wounded.
The slime creature hits you.
You thump the slime creature!
The slime creature is severely wounded.
The slime creature hits you!
* * * LOW HITPOINT WARNING * * *
You hit the slime creature.
The slime creature is almost dead.
You hit the slime creature.
The slime creature is almost dead.
The slime creature barely misses you.
You hit the slime creature.
The slime creature is almost dead.
The slime creature hits you.
* * * LOW HITPOINT WARNING * * *
You hit the slime creature.
The slime creature is almost dead.
The slime creature hits you!
You die...

################ ##
#<.#..)..#..'..#__#
#..)..#..').#.@J..+
#..#####'#####'#__#
#..####..#...#.# ##
#..#__####..##.#
#..#_____##'#_.+
#⌠⌠#_.∩...†..._#
####_..__##_.#'#
#_____###+#)#
####### ###


You could see a slime creature.

Vanquished Creatures
  Sigmund (D)
  A yak (D)
  An ogre (D)
  A jelly (D)
  Ijyb (D)
5 creatures vanquished.

Notes
Turn   | Place    | Note
-------+----------+-------------------------------------------
     0 | D        | Freyura the Gargoyle Monk began the quest for the Orb.
     0 | D        | Reached XP level 1. HP: 14/14 MP: 1/1
     1 | D        | Noticed Ijyb
    56 | D        | Killed Ijyb
    56 | D        | Reached skill level 5 in Maces & Flails
    56 | D        | Reached XP level 2. HP: 18/20 MP: 2/2
    56 | D        | Reached XP level 3. HP: 21/24 MP: 3/3
    96 | D        | Noticed an ogre
   101 | D        | Killed an ogre
   101 | D        | Reached skill level 5 in Fighting
   101 | D        | Reached skill level 6 in Maces & Flails
   101 | D        | Reached XP level 4. HP: 32/32 MP: 4/4
   111 | D        | Noticed Sigmund
   125 | D        | Killed Sigmund
   125 | D        | Reached skill level 8 in Maces & Flails
   125 | D        | Reached skill level 5 in Armour
   125 | D        | Reached skill level 5 in Dodging
   125 | D        | Reached XP level 5. HP: 3/38 MP: 5/5
   125 | D        | Reached XP level 6. HP: 3/44 MP: 6/6
   434 | D        | Found an ornate altar of the Wu Jian Council.
   434 | D        | Found a deep blue altar of Sif Muna.
   436 | D        | Found a radiant altar of Vehumet.
   466 | D        | Found Poumnine's Armour Emporium.
   466 | D        | Found an ancient bone altar of Kikubaaqudgha.
   466 | D        | Found a hazy altar of Hepliaklqana.
   466 | D        | Found a stormy altar of Qazlal.
   466 | D        | Found a hide-covered altar of Uskayaw.
   466 | D        | Found a blossoming altar of Fedhas.
   466 | D        | Found a bloodstained altar of Trog.
   466 | D        | Found an iron altar of Okawaru.
   466 | D        | Found a basalt altar of Yredelemnul.
   466 | D        | Found a glowing golden altar of the Shining One.
   466 | D        | Found a snail-covered altar of Cheibriados.
   466 | D        | Found a sacrificial altar of Ru.
   466 | D        | Found a glowing silver altar of Zin.
   466 | D        | Found a shadowy altar of Dithmenos.
   466 | D        | Found a white marble altar of Elyvilon.
   466 | D        | Noticed a yak
   474 | D        | Killed a yak
   474 | D        | Reached skill level 9 in Maces & Flails
   475 | D        | Found an opulent altar of Gozag.
   476 | D        | Found a sparkling altar of Nemelex Xobeh.
   478 | D        | Became a worshipper of Qazlal Stormbringer
   478 | D        | Reached * piety under Qazlal
   478 | D        | Reached ** piety under Qazlal
   482 | D        | Bought a +0 buckler for 58 gold pieces
   521 | D        | Found a burning altar of Makhleb.
   521 | D        | Found a viscous altar of Jiyva.
   521 | D        | Found a shimmering altar of Xom.
   521 | D        | Found a corrupted altar of Lugonu.
   521 | D        | Noticed a slime creature
   534 | D        | Slain by a slime creature

Skill      XL: |  1  2  3  4  5  6 |
---------------+-------------------+-----
Fighting       | 4 5 7 |  7.9
Maces & Flails | 5 6 8 9 |  9.8
Dodging        | 3 4 5 6 |  6.0
Armour         | 3 5 6 |  6.2
Stealth        | |  2.1

Action                   |  1- 3 |  4- 6 || total
-------------------------+-------+-------++-------
Melee: Mace              |    57 |    34 ||    91
  Use: Potion            |     2 |     1 ||     3
Armor: Robe              |    19 |       ||    19
       Chain mail        |       |     2 ||     2
Dodge: Dodged            |    24 |    10 ||    34
